 Dungeon Crawl Stone Soup version 0.31-a0-986-g5e6e4ef867 (webtiles) character file.

Game seed: 9389527153762173118

1116 BlaX the Reanimator (level 8, 0/52 HPs)
             Began as a Demonspawn Necromancer on Nov 6, 2023.
             Killed by divine providence
             ... invoked by an orc priest
              (15 damage)
             ... on level 7 of the Dungeon.
             The game lasted 00:50:58 (5024 turns).

BlaX the Reanimator (Demonspawn Necromancer)        Turns: 5024, Time: 00:50:58

Health: 0/52       AC:  8    Str: 10    XL:     8   Next: 12%
Magic:  3/16       EV: 10    Int: 18    God:
Gold:   267        SH:  0    Dex: 13    Spells: 10/18 levels left

rFire   . . .        E - +0 trident (flame)
rCold   . . .        (no shield)
rNeg    . . .        t - +2 scale mail {rPois}
rPois   +            (helmet currently unavailable)
rElec   .            (cloak currently unavailable)
rCorr   .            s - melded +2 pair of gloves
SInv    .            (boots currently unavailable)
Will    .....        n - amulet of regeneration Stlth
                     (no ring)
HPRegen 1.08/turn    (no ring)
MPRegen 0.15/turn

%: no passive effects
@: beast-form
A: beast (slay +0), repulsion field 1, foul stench 2, powered by death 1,
demonic touch 1
a: Begin Untransformation


You were on level 7 of the Dungeon.
You were a hulking beast.
You visited 1 branch of the dungeon, and saw 7 of its levels.

You collected 267 gold pieces.

Inventory:

Hand Weapons
 p - a +2 falchion of flaming
 q - a +1 falchion of freezing
 E - a +0 trident of flaming (weapon)
Armour
 a - a +0 robe
 o - a scarf of harm
 s - a +2 pair of gloves (melded)
 t - a +2 scale mail of poison resistance (worn)
Magical Staves
 C - a staff of earth
Jewellery
 g - a ring of positive energy
 j - a ring of protection from fire
 n - an amulet of regeneration (around neck)
 x - a ring of resist corrosion
Talismans
 z - a maw talisman
 A - a beast talisman (active)
Scrolls
 d - 5 scrolls of identify
 l - a scroll of silence {unknown}
 m - a scroll of summoning {unknown}
 r - a scroll of enchant weapon {unknown}
 u - 4 scrolls of enchant armour {unknown}
 w - 4 scrolls of immolation {unknown}
 y - a scroll of acquirement {unknown}
 B - a scroll of fog {unknown}
 D - a scroll of torment {unknown}
 F - a scroll of blinking {unknown}
Potions
 b - a potion of magic
 c - a potion of degeneration {unknown}
 e - a potion of enlightenment {unknown}
 f - a potion of curing {unknown}
 h - a potion of invisibility {unknown}
 i - 2 potions of mutation {unknown}
 k - a potion of might {unknown}
 v - a potion of attraction {unknown}


   Skills:
 - Level 1.7 Dodging
 - Level 1.7 Stealth
 + Level 5.5 Spellcasting
 * Level 9.6 Necromancy


You had 10 spell levels left.
You knew the following spells:

 Your Spells              Type           Power      Damage    Failure   Level
a - Necrotise             Necr           100%       1d9       1%          1
b - Animate Dead          Necr           39%        N/A       19%         4
c - Vampiric Draining     Necr           39%        2d8       5%          3

Your spell library contained the following spells:

 Spells                   Type           Power      Damage    Failure   Level
 Agony                    Necr           39%        N/A       45%         5
 Sandblast                Erth           8%         2d5       67%         1
 Passwall                 Tmut/Erth      3%         N/A       80%         2
 Stone Arrow              Conj/Erth      8%         3d7       95%         3
 Tukima's Dance           Hex            4%         N/A       95%         3
 Brom's Barrelling Bould  Conj/Erth      4%         2d3       100%        4
 Dimensional Bullseye     Hex/Tloc       2%         N/A       100%        4
 Iskenderun's Mystic Bla  Conj/Tloc      4%         2d3       100%        4


Dungeon Overview and Level Annotations

Branches:
Dungeon (7/15)
 Temple: D:4-7

Altars:
Gozag
Qazlal

Annotations:
D:4 Grinder


Innate Abilities, Weirdness & Mutations

You are a hulking beast.
Your limbs bulge with bestial killing power. (Slay +0)
You are surrounded by a mild repulsion field. (EV +2)
You sometimes emit foul miasma when damaged in melee.
You regenerate a little health from kills.
Your touch may inflict minor irresistible damage on your foes.


Message History

The orc priest writhes in agony.
Something hits you but does no damage. The orc hits you but does no damage.
The orc priest mumbles some strange prayers to Beogh against you.
Beogh smites you!
Casting: Necrotise (safe; 1% risk of failure)
Confirm with . or Enter, or press ? or * to list all spells.
You don't have enough magic to cast this spell.
Casting: Necrotise (safe; 1% risk of failure)
Confirm with . or Enter, or press ? or * to list all spells.
You don't have enough magic to cast this spell.
Something hits you but does no damage. The orc attacks as it pursues you!
The orc hits you with a +0 dagger.
The orc priest invokes the aid of Beogh against you.
Beogh smites you! The orc attacks as it pursues you! The orc barely misses you.
Something hits you.
You emit a cloud of foul miasma!
The orc attacks as it pursues you! The orc hits you with a +0 dagger.
Something hits you but does no damage. The orc attacks as it pursues you!
The orc hits you but does no damage.
The orc priest attacks as it pursues you!
The orc priest hits you but does no damage.
There is a stone staircase leading down here.
You can't go up here!
Something hits you but does no damage. The orc hits you but does no damage.
The orc priest hits you but does no damage.
You climb downwards.
Reactivating autopickup.
The jelly hits you but does no damage.
There is a stone staircase leading up, spattered with blood here.
You puncture the jelly! You burn the jelly.
Your hands burn!
You touch the jelly.
The jelly is almost dead.
A bullfrog comes into view.
Something completely misses you. The jelly hits you.
You are splashed with acid.
* * * LOW HITPOINT WARNING * * *
The orc hits you but does no damage.
The orc priest calls down the wrath of Beogh upon you.
Beogh smites you!
You die...

(...#.#
####...... .
.......$.## ..
.......... ...
.........##....
.............
........o.#
.......ho.#
....#..J..# .
..........#
...##...#.###
.. ....#.# .
#....#.# #F##.#
# #. #..


You could see a bullfrog (wandering), a jelly, an orc priest and an orc.

Vanquished Creatures
  A water moccasin (D:6)
  A sky beast (D:6)
  An ogre (D:6)
  A phantom (D:5)
  A gnoll sergeant (D:6)
  2 scorpions (D:5)
  3 killer bees
  A hound (D:3)
  A jelly (D:6)
  3 iguanas
  An orc wizard (D:3)
  4 gnolls (D:6)
  11 adders
  4 ufetubi
  A dart slug (D:3)
  16 orcs
  6 bats
  2 endoplasms (D:1)
  3 giant cockroaches
  2 hobgoblins
  2 jackals (D:2)
  9 ball pythons
  2 frilled lizards
  2 goblins
  A kobold (D:1)
  4 rats
85 creatures vanquished.

Vanquished Creatures (collateral kills)
  A jelly (D:6)
  A hound (D:6)
  An endoplasm (D:1)
  2 ball pythons
5 creatures vanquished.

Vanquished Creatures (others)
  A ball python zombie (D:3)
  2 orc zombies (D:6)
  A rat zombie (D:3)
4 creatures vanquished.

Grand Total: 94 creatures vanquished

Notes
Turn   | Place    | Note
-------+----------+-------------------------------------------
     0 | D:1      | BlaX the Demonspawn Necromancer began the quest for the
                  | Orb.
     0 | D:1      | Reached XP level 1. HP: 13/13 MP: 3/3
   371 | D:1      | Gained mutation: You may rarely emit foul miasma when
                  | damaged in melee. [demonic ancestry]
   371 | D:1      | Reached XP level 2. HP: 11/19 MP: 0/5
   527 | D:1      | Reached skill level 5 in Necromancy
  1311 | D:2      | Found a faded altar of an unknown god.
  1475 | D:2      | Gained mutation: You are surrounded by a mild repulsion
                  | field. (EV +2) [demonic ancestry]
  1475 | D:2      | Reached XP level 3. HP: 5/24 MP: 0/6
  1881 | D:3      | Gained mutation: Your touch may inflict minor irresistible
                  | damage on your foes. [demonic ancestry]
  1881 | D:3      | Reached XP level 4. HP: 11/30 MP: 2/8
  2069 | D:3      | Learned a level 4 spell: Animate Dead
  2073 | D:3      | Learned a level 3 spell: Vampiric Draining
  2177 | D:3      | Reached skill level 6 in Necromancy
  2229 | D:3      | Found an opulent altar of Gozag.
  2270 | D:3      | Found a stormy altar of Qazlal.
  2333 | D:3      | Reached XP level 5. HP: 35/35 MP: 5/9
  2570 | D:4      | Noticed an ice beast
  2816 | D:4      | Noticed Grinder
  3034 | D:5      | Entered Level 5 of the Dungeon
  3213 | D:5      | Gained mutation: You sometimes emit foul miasma when
                  | damaged in melee. [demonic ancestry]
  3213 | D:5      | Reached XP level 6. HP: 41/41 MP: 0/11
  3243 | D:5      | Reached skill level 7 in Necromancy
  4366 | D:6      | Noticed a sky beast
  4561 | D:6      | Noticed a water moccasin
  4575 | D:6      | Killed a water moccasin
  4576 | D:6      | Reached skill level 8 in Necromancy
  4576 | D:6      | Reached XP level 7. HP: 7/46 MP: 4/13
  4807 | D:6      | Reached skill level 5 in Spellcasting
  4856 | D:6      | Reached skill level 9 in Necromancy
  4930 | D:6      | Gained mutation: You regenerate a little health from kills.
                  | [demonic ancestry]
  4930 | D:6      | Reached XP level 8. HP: 52/52 MP: 1/15
  5024 | D:7      | Killed from afar by an orc priest

Illustrated notes

Levels and vault maps discovered:
D:1:      lemuel_arrival_tunnels, layout_loops_ring, columned_hall_lemuel
D:2:      layout_basic, shapermc_ecumenical_altar_flowoftime, uniq_sigmund
D:3:      layout_rooms, mainiacjoe_overflow_catch_the_wave
D:4:      kennysheep_big_flooded_room, layout_rooms, nicolae_overflow_squiral,
          minmay_misc_feat_secret_circle, minmay_misc_feat_alley, uniq_grinder
D:5:      layout_basic, serial_rivers, chequers_serial_rivers_small_a,
          chequers_serial_rivers_micro_c, chequers_serial_rivers_micro_b,
          chequers_serial_rivers_micro_a, mrwooster_statue_mirror,
          interstate_on_off, nicolae_letterblocks [nicolae_letter_subblock,
          nicolae_letter_subblock, nicolae_letter_subblock,
          nicolae_letter_subblock, nicolae_letter_subblock,
          nicolae_letter_subblock, nicolae_letter_subblock,
          nicolae_letter_subblock, nicolae_letter_subblock,
          nicolae_letter_subblock, nicolae_letter_subblock,
          nicolae_letter_subblock, nicolae_letter_subblock,
          nicolae_letter_subblock, nicolae_letter_subblock,
          nicolae_letter_subblock, nicolae_letter_subblock,
          nicolae_letter_subblock, nicolae_letter_subblock,
          nicolae_letter_subblock, nicolae_letter_subblock,
          nicolae_letter_subblock, nicolae_letter_subblock,
          nicolae_letter_subblock, nicolae_letter_subblock]
D:6:      layout_rooms, gammafunk_temple_overflow_elements, uniq_pikel,
          uniq_maggie
D:7:      layout_basic, nicolae_wu_jian_wuxing_cycle, minmay_temple_entry_grid,
          nicolae_nh_ransacked_shop

Skill      XL: |  1  2  3  4  5  6  7 |
---------------+----------------------+-----
Necromancy     | 5 6 8 9 |  9.6
Spellcasting   | 3 4 5 |  5.5
Dodging        | |  1.7
Stealth        | |  1.7

Action                     |  1- 3 |  4- 6 |  7- 9 || total
---------------------------+-------+-------+-------++-------
  Melee: Unarmed           |    45 |       |       ||    45
         Punch             |     2 |       |       ||     2
         Falchion          |       |    53 |    27 ||    80
         Touch             |       |     8 |     5 ||    13
         Trident           |       |       |     2 ||     2
   Cast: Necrotise         |    47 |    42 |    26 ||   115
         Vampiric Draining |       |    17 |     2 ||    19
         Animate Dead      |       |     1 |     2 ||     3
    Use: Scroll            |     3 |       |       ||     3
 Armour: Robe              |    45 |     9 |       ||    54
         Scale mail        |       |   117 |    58 ||   175
  Dodge: Dodged            |    70 |   106 |    43 ||   219
   Form: Beast             |       |     2 |       ||     2
         Maw               |       |     1 |       ||     1

Table legend: (Time is in decaauts)
 A = Elapsed time spent in this place.
 B = Non-inter-level travel time spent in this place.
 C = Inter-level travel time spent in this place.
 D = Time resting spent in this place.
 E = Time spent auto-exploring this place.
 F = Levels seen in this place.
 G = Mean time per level.
                   A        B        C        D        E       F      G
               +--------+--------+--------+--------+--------+-----+--------+
         Total |   5052 |   4687 |    365 |    643 |      0 |   7 |  721.7 |
       Dungeon |   5052 |   4687 |    365 |    643 |      0 |   7 |  721.7 |
               +--------+--------+--------+--------+--------+-----+--------+

Top non-repeatable levels by time:
     D:5: 1540 daAuts
     D:1: 1156 daAuts
     D:3: 864 daAuts
     D:2: 803 daAuts
     D:4: 366 daAuts
     D:6: 316 daAuts
     D:7: 5 daAuts
